 Dungeon Crawl Stone Soup version 0.28.0-53-g5a82cb258f (webtiles) character file.

Game seed: 16823129688525011264

106703 Gabide the Impaler (level 16, -36/122 HPs)
             Began as a Human Monk on June 1, 2022.
             Was a High Priest of Hepliaklqana.
             Killed from afar by Aizul (41 damage)
             ... with a poison arrow
             ... on level 1 of the Shoals.
             The game lasted 01:41:20 (36464 turns).

Gabide the Impaler (Human Monk)                    Turns: 36464, Time: 01:41:20

Health: -36/122    AC: 20    Str: 18    XL:     16   Next: 99%
Magic:  22/22      EV: 22    Int: 13    God:    Hepliaklqana [*****.]
Gold:   2732       SH:  5    Dex: 23    Spells: 15/15 levels left

rFire   . . .      SeeInvis +   o - +4 executioner's axe (elec)
rCold   + . .      Faith    .   (shield currently unavailable)
rNeg    . . .      Spirit   .   Y - +5 ring mail of Ignis's Fury {Str+2}
rPois   .          Reflect  +   v - +2 helmet {Int+3}
rElec   .          Harm     .   T - +1 cloak {Will+}
rCorr   .          Rampage  .   S - +1 pair of gloves of the Salmon {Str+3}
Will    ++...                   M - +1 pair of boots
Stlth   ++........              G - amulet of reflection
HPRegen 0.30/turn               O - ring of see invisible
MPRegen 0.18/turn               y - ring of protection from cold

@: lethally poisoned (-36 -> -70)
A: reduced essence
a: Renounce Religion, Recall Ancestor, Ancestor Identity, Transference, Idealise


You were on level 1 of the Shoals.
You worshipped Hepliaklqana.
Hepliaklqana was extremely pleased with you.
You visited 4 branches of the dungeon, and saw 24 of its levels.

You collected 2732 gold pieces.

Inventory:

Hand Weapons
 a - a +1 vorpal glaive
 g - a +0 bardiche
 o - a +4 executioner's axe of electrocution (weapon)
 Z - a +4 trident
Missiles
 u - 2 poisoned darts
Armour
 t - +0 swamp dragon scales
 v - a +2 helmet of intelligence (worn)
 A - the +1 robe "Kaejesum" {Slay+3}
   (You found it on level 9 of the Dungeon)

   Slay:      It affects your accuracy & damage with ranged weapons and melee
   (+3).
 C - +0 acid dragon scales
 L - a +1 cloak of preservation
 M - a +1 pair of boots (worn)
 S - the +1 pair of gloves of the Salmon (worn) {Str+3}
   (You found it on level 11 of the Dungeon)

   Str:       It affects your strength (+3).
 T - a +1 cloak of willpower (worn)
 U - the +1 crystal plate armour of the First Mystics {rElec rF+ MP-9 Int+2}
   (You found it on level 5 of the Lair of Beasts)

   Int:       It affects your intelligence (+2).
   rF:        It protects you from fire.
   rElec:     It insulates you from electricity.
   MP:        It affects your magic capacity (-9).
 V - +0 steam dragon scales
 Y - the +5 ring mail of Ignis's Fury (worn) {Str+2}
   (You took it off a kobold on level 8 of the Dungeon)

   Str:       It affects your strength (+2).
Jewellery
 b - the amulet of the Priest {Acrobat Fly}
   (You found it on level 4 of the Dungeon)

   [amulet of the acrobat]

   It increases your evasion while moving and waiting.
   Fly:       It grants you flight.
 i - a ring of resist corrosion
 y - a ring of protection from cold (right hand)
 G - an amulet of reflection (around neck)
 O - a ring of see invisible (left hand)
 R - a ring of positive energy
Wands
 c - a wand of digging (11)
 n - a wand of flame (25)
 D - a wand of mindburst (14)
 I - a wand of acid (7)
 K - a wand of iceblast (4) (quivered)
 N - a wand of polymorph (2)
Scrolls
 j - 2 scrolls of holy word
 k - 3 scrolls of silence
 p - 2 scrolls of torment
 r - 2 scrolls of immolation
 x - 2 scrolls of fog
 F - 5 scrolls of teleportation
 J - 3 scrolls of fear
 W - a scroll of vulnerability
 X - a scroll of identify
Potions
 d - 5 potions of cancellation
 f - 4 potions of ambrosia
 h - 2 potions of attraction
 l - 9 potions of mutation
 q - 6 potions of brilliance
 s - 6 potions of lignification
 P - a potion of haste
 Q - a potion of berserk rage
Miscellaneous
 e - a box of beasts
 H - a lightning rod (4/4)


   Skills:
 - Level 15.1 Fighting
 + Level 8.3(13.6) Axes
 - Level 17.0(17.6) Polearms
 - Level 3.0 Throwing
 - Level 3.0 Armour
 - Level 15.1 Dodging
 - Level 3.0 Stealth
 - Level 8.0 Invocations


You had 15 spell levels left.
You didn't know any spells.
Your spell library contained the following spells:

 Spells                   Type           Power      Damage    Failure   Level
 Apportation              Tloc           0%         N/A       47%         1
 Foxfire                  Conj/Fire      0%         2x1d4     47%         1
 Summon Small Mammal      Summ           0%         N/A       47%         1
 Call Canine Familiar     Summ           0%         N/A       85%         3
 Conjure Flame            Conj/Fire      0%         6-21      85%         3
 Gell's Gravitas          Tloc           0%         N/A       85%         3
 Inner Flame              Hex/Fire       0%         N/A       85%         3
 Lesser Beckoning         Tloc           0%         N/A       85%         3
 Ozocubu's Armour         Ice            0%         N/A       85%         3
 Stone Arrow              Conj/Erth      0%         3d7       85%         3
 Summon Guardian Golem    Hex/Summ       0%         N/A       85%         3
 Teleport Other           Tloc           0%         N/A       85%         3
 Animate Dead             Necr           0%         N/A       99%         4
 Flame Wave               Conj/Fire      0%         2d4       99%         4
 Hailstorm                Conj/Ice       0%         3d3       99%         4
 Ice Form                 Ice/Tmut       0%         N/A       99%         4
 Petrify                  Tmut/Erth      0%         N/A       99%         4
 Borgnjor's Vile Clutch   Necr/Erth      0%         N/A       100%        5
 Fireball                 Conj/Fire      0%         3d3       100%        5
 Freezing Cloud           Conj/Ice/Air   0%         6-21      100%        5
 Iskenderun's Battlesphe  Conj           0%         2d6       100%        5
 Metabolic Englaciation   Hex/Ice        0%         N/A       100%        5
 Conjure Ball Lightning   Conj/Air       0%         3x3d6     100%        6
 Death Channel            Necr           0%         N/A       100%        6
 Iron Shot                Conj/Erth      0%         9d1       100%        6
 Simulacrum               Ice/Necr       0%         N/A       100%        6
 Statue Form              Tmut/Erth      0%         N/A       100%        6
 Malign Gateway           Summ/Tloc      0%         N/A       100%        7
 Orb of Destruction       Conj           0%         9d5       100%        7
 Ozocubu's Refrigeration  Ice            0%         4d5       100%        7
 Spellforged Servitor     Conj/Summ      0%         N/A       100%        7
 Disjunction              Tloc           0%         N/A       100%        8
 Summon Horrible Things   Summ           0%         N/A       100%        8
 Fire Storm               Conj/Fire      0%         5d1       100%        9


Dungeon Overview and Level Annotations

Branches:
Dungeon (15/15)            Temple (0/1) D:5            Lair (6/6) D:9
 Shoals (1/4) Lair:3        Snake (0/4) Lair:4        Slime (0/5) Lair:6
    Orc (2/2) D:9             Elf (0/3) Orc:2        Vaults (0/5) D:13
 Depths (0/4) D:15

Altars:
Dithmenos
Fedhas
Gozag
Hepliaklqana
Kikubaaqudgha
Makhleb
Nemelex Xobeh
Ru
Sif Muna
Trog
Uskayaw
Vehumet
The Shining One
Jiyva

Shops:
Orc:2 ([=[   Shoals:1 =

Portals:
Trove: D:12 (give horn of Geryon)

Annotations:
Lair:4 2 transporters, Dune's ghost, journeyman MiBe
Shoals:1 Aizul


Message History

You feel extremely sick. Aizul closely misses you. You block Aizul's attack.
The merfolk hits you with a +1 vorpal trident.
Okay, then.
Unknown command.
You feel better. Aizul hits you! The merfolk completely misses you.
You slash the merfolk!
The merfolk is almost dead.
You closely miss Aizul. Aizul barely misses you. You block Aizul's attack.
You block the merfolk's attack.
You slash the merfolk! Lightning courses through the merfolk!!
You kill the merfolk!
You hear a splash.
You hit Aizul but do no damage. Lightning courses through Aizul!
Aizul coils herself and waves her upper body at you.
The bolt of poison hits you!!
You are poisoned.
* * * LOW HITPOINT WARNING * * *
Aizul completely misses you.
Okay, then.
Okay, then.
Press: ? - help, v - describe, . - travel
Here: Aizul (severely wounded)
The floor, spattered with blood.
Blink to where?
Press: ? - help, Dir - move target, p - Aizul
As you read the scroll of blinking, it crumbles to dust.
* * * LOW HITPOINT WARNING * * *
You feel very sick.
* * * LOW HITPOINT WARNING * * *
You feel very sick.
Aizul coils herself and waves her upper body at you.
You resist with some effort.
There is a staircase back to the Lair here.
* * * LOW HITPOINT WARNING * * *
You feel sick.
Aizul coils herself and waves her upper body at you.
The poison arrow hits you!!!
You are more poisoned.
You die...

.≈≈≈... #..≈≈..≈≈...
≈≈≈≈
.≈.....##..≈.≈≈≈≈≈≈≈
≈≈≈≈
.≈≈............≈≈≈≈≈
≈≈≈≈
...≈..........≈≈≈≈≈
≈≈≈≈
##....)####....≈≈≈
≈≈≈≈ ###...# #...≈≈≈
≈≈≈≈ #...#### #....≈
≈≈≈≈ #......##......
≈≈≈ ##.@(.....≈...
≈≈≈ #..≈≈≈≈≈.≈≈ ≈
≈≈≈ #.≈≈≈.....≈..
≈≈≈ #.≈≈.###...# ≈≈≈
#.÷:).# .# ≈≈≈
##...### ..#.. ≈≈.
#....S##...... ≈.
#..(..§..≈≈≈≈.
≈≈≈..........)≈≈≈...


You could see Aizul.

Vanquished Creatures
  Rupert (D:13)
  An orc warlord (Orc:2)
  A great orb of eyes (D:15)
  A rakshasa (D:15)
  7 hydras
  4 centaur warriors
  2 dancing weapons (D:13)
  7 two-headed ogres
  10 death yaks
  The ghost of H0rd4k the Basher, a novice HuAr of Gozag (D:10)
  The ghost of CryoSword the Green Death, a novice DsIE of Fedhas (D:10)
  A fire crab (Shoals:1)
  A skeletal warrior (D:15)
  2 swamp dragons (Lair:5)
  A phantasmal warrior (D:14)
  2 orc knights (Orc:2)
  2 deep elf pyromancers
  12 ugly things
  2 orc sorcerers (Orc:2)
  2 wolf spiders (Lair:4)
  3 manticores
  A faun (Shoals:1)
  A wolf spider (shapeshifter) (D:15)
  2 cyclopes
  7 elephants
  2 molten gargoyles (Lair:6)
  2 black mambas (Lair:6)
  12 cane toads
  An unseen horror (D:13)
  6 komodo dragons
  6 yaktaurs (D:15)
  2 polar bears (Lair:6)
  5 merfolk (Shoals:1)
  2 meliai (D:13)
  5 trolls
  Grinder (D:3)
  2 slime creatures (D:13)
  A raiju (shapeshifter) (D:13)
  A meliai zombie (D:11)
  A wraith (D:14)
  27 yaks
  A fire bat (Shoals:1)
  5 wyverns
  3 basilisks
  3 steam dragons
  2 swamp worms (Lair:5)
  3 nagas (Lair:4)
  4 acid dragons
  14 water moccasins
  4 hell hounds
  A swamp drake (Lair:5)
  2 ice beasts
  20 orc warriors
  2 necrophages
  5 ogres
  12 wolves
  11 centaurs
  A phantom (D:6)
  A kobold brigand (D:8)
  5 bullfrogs
  2 scorpions
  2 water moccasin skeletons (D:4)
  6 killer bees
  3 wights (D:9)
  2 howler monkeys
  2 electric eels
  2 bullfrog zombies (D:5)
  4 lava snakes
  4 centaur zombies
  13 orc priests
  A gnoll shaman (D:7)
  A hound (D:6)
  An iguana (D:4)
  Jessica (D:2)
  A scorpion zombie (D:5)
  16 orc wizards
  Robin (D:4)
  A howler monkey zombie (D:11)
  5 gnolls
  2 adders (D:2)
  2 worms
  A dart slug (D:2)
  46 orcs
  3 bats
  8 endoplasms
  10 giant cockroaches
  11 goblins
  5 hobgoblins
  6 jackals
  4 quokkas
  3 ball pythons
  6 frilled lizards
  12 kobolds
  4 rats
441 creatures vanquished.

Vanquished Creatures (collateral kills)
  An orc warlord (Orc:2)
  A fire dragon (Lair:6)
  A boulder beetle (Lair:6)
  3 hydras
  A centaur warrior (D:15)
  2 ogre magi
  A two-headed ogre (Orc:2)
  3 death yaks
  An orc high priest (Orc:2)
  A fire crab (Lair:6)
  A sea snake (Shoals:1)
  A goliath frog (Lair:5)
  3 skeletal warriors (D:15)
  A lindwurm (Lair:6)
  3 orc knights
  2 orc sorcerers (Orc:2)
  2 cyclopes
  11 ugly things
  3 manticores
  2 black mambas
  3 elephants
  Maurice (D:8)
  2 gargoyles
  A torpor snail (Lair:5)
  4 cane toads
  An unseen horror (D:11)
  Psyche (D:8)
  9 komodo dragons
  2 merfolk (Shoals:1)
  2 yaktaurs (D:15)
  A troll (Orc:1)
  A meliai (D:13)
  A hornet (D:8)
  3 blink frogs (Lair:6)
  3 slime creatures
  2 shadows (D:12)
  A vampire (D:12)
  3 wyverns
  A fire bat (Shoals:1)
  19 yaks
  2 steam dragons
  4 basilisks
  2 wargs
  4 vampire mosquitoes (D:13)
  A swamp worm (Lair:5)
  5 water moccasins
  A hell hound (Lair:6)
  15 orc warriors
  A swamp drake (Lair:5)
  2 ice beasts (D:6)
  A black bear (Lair:5)
  5 ogres
  10 wolves
  11 centaurs
  A kobold brigand (D:8)
  3 bullfrogs
  A gnoll sergeant (D:10)
  2 water moccasin zombies
  2 killer bees (D:9)
  2 wights (D:9)
  2 howler monkeys (D:10)
  3 lava snakes
  A bullfrog zombie (D:6)
  17 orc priests
  An iguana (D:6)
  22 orc wizards
  A killer bee zombie (D:7)
  An adder (D:6)
  2 gnolls
  2 shadow imps (D:7)
  A white imp (D:7)
  54 orcs
  3 kobolds (D:8)
290 creatures vanquished.

Vanquished Creatures (others)
  27 knights
  A bush (Lair:3)
  20 fungi
  76 plants
  6 withered plants (D:10)
130 creatures vanquished.

Grand Total: 861 creatures vanquished

Notes
Turn   | Place    | Note
-------+----------+-------------------------------------------
     0 | D:1      | Gabide the Human Monk began the quest for the Orb.
     0 | D:1      | Reached XP level 1. HP: 18/18 MP: 1/1
     1 | D:1      | Found a runed translucent door.
   443 | D:1      | Reached XP level 2. HP: 24/24 MP: 2/2
   541 | D:1      | Found a faded altar of an unknown god.
  1310 | D:1      | Reached XP level 3. HP: 26/29 MP: 3/3
  1604 | D:2      | Found a sacrificial altar of Ru.
  1821 | D:2      | Noticed Jessica
  1833 | D:2      | Killed Jessica
  1834 | D:2      | Reached XP level 4. HP: 27/37 MP: 4/4
  2336 | D:2      | Identified the +2 leather armour of Generosity {rCorr
                  | Dex+3}
  2505 | D:2      | Reached XP level 5. HP: 42/42 MP: 5/5
  2955 | D:3      | Reached skill level 4 in Polearms
  3117 | D:3      | Noticed Grinder
  3122 | D:3      | Paralysed by Grinder for 5 turns
  3141 | D:3      | Killed Grinder
  3142 | D:3      | Reached XP level 6. HP: 7/49 MP: 6/6
  3498 | D:3      | Found a shadowy altar of Dithmenos.
  4017 | D:4      | Reached XP level 7. HP: 42/55 MP: 7/7
  4129 | D:4      | Reached skill level 5 in Fighting
  4129 | D:4      | Reached skill level 5 in Polearms
  4219 | D:4      | Found a sparkling altar of Nemelex Xobeh.
  4292 | D:4      | Reached skill level 5 in Dodging
  4458 | D:4      | Noticed Robin
  4472 | D:4      | Killed Robin
  4560 | D:4      | Identified the amulet of the Priest {Acrobat Fly}
  4726 | D:5      | Entered Level 5 of the Dungeon
  4802 | D:5      | Found a hazy altar of Hepliaklqana.
  4855 | D:5      | Became a worshipper of Hepliaklqana the Forgotten
  4855 | D:5      | Reached * piety under Hepliaklqana
  4855 | D:5      | Reached ** piety under Hepliaklqana
  4856 | D:5      | Remembered your ancestor Aahotepre as a knight
  5142 | D:5      | Reached XP level 8. HP: 52/56 MP: 8/8
  5182 | D:5      | Found a radiant altar of Vehumet.
  5213 | D:5      | Found a sacrificial altar of Ru.
  5319 | D:5      | Found an ancient bone altar of Kikubaaqudgha.
  5504 | D:5      | Found a staircase to the Ecumenical Temple.
  5721 | D:6      | Reached skill level 6 in Polearms
  5930 | D:6      | Reached skill level 1 in Armour
  6035 | D:6      | Found a burning altar of Makhleb.
  6165 | D:6      | Reached skill level 1 in Throwing
  6165 | D:6      | Reached XP level 9. HP: 63/63 MP: 9/9
  6247 | D:6      | Found a hide-covered altar of Uskayaw.
  6475 | D:7      | Found an opulent altar of Gozag.
  6559 | D:7      | Found a glowing golden altar of the Shining One.
  6683 | D:7      | Found a blossoming altar of Fedhas.
  6808 | D:7      | Reached *** piety under Hepliaklqana
  6814 | D:7      | Identified the +1 ring mail of Qazlal's Outrage {rPois
                  | Dex+2}
  7625 | D:8      | Identified the +5 ring mail of Ignis's Fury {Str+2}
  7659 | D:8      | Reached skill level 7 in Polearms
  7666 | D:8      | Noticed Psyche
  7675 | D:8      | Killed Psyche
  7972 | D:8      | Noticed a hornet
  7979 | D:8      | Paralysed by a hornet for 2 turns
  7980 | D:8      | Killed a hornet
  7981 | D:8      | Reached XP level 10. HP: 41/71 MP: 10/10
  8166 | D:8      | Noticed a cyclops
  8183 | D:8      | Killed a cyclops
  8184 | D:8      | Reached skill level 8 in Polearms
  8473 | D:8      | Noticed Maurice
  8494 | D:8      | Killed Maurice
  9447 | D:9      | Found a staircase to the Lair.
  9724 | D:9      | Reached **** piety under Hepliaklqana
  9780 | D:9      | Found a staircase to the Orcish Mines.
 10036 | D:9      | Noticed a deep elf pyromancer
 10051 | D:9      | Killed a deep elf pyromancer
 10323 | D:9      | Reached skill level 9 in Polearms
 10571 | D:10     | Entered Level 10 of the Dungeon
 10616 | D:10     | Identified the +1 ring mail "Awigeist" {rPois rF+ Slay+2}
 10619 | D:10     | Reached XP level 11. HP: 66/80 MP: 11/11
 11086 | D:10     | Found a runed translucent gate.
 11086 | D:10     | Found a runed translucent gate.
 11086 | D:10     | Found a runed translucent gate.
 11087 | D:10     | Noticed H0rd4k's ghost (novice HuAr)
 11090 | D:10     | Noticed CryoSword's ghost (novice DsIE)
 11774 | D:11     | Noticed a manticore
 11789 | D:11     | Killed a manticore
 12046 | D:11     | Reached skill level 10 in Fighting
 12046 | D:11     | Reached skill level 10 in Polearms
 12064 | D:11     | Reached skill level 10 in Dodging
 12612 | D:11     | Identified the +1 pair of gloves of the Salmon {Str+3}
 12840 | D:11     | You are sucked into a shaft and drop 1 floor!
 12939 | D:12     | Reached ***** piety under Hepliaklqana
 13445 | D:12     | Noticed a two-headed ogre
 13450 | D:12     | Killed a two-headed ogre
 13483 | D:12     | Noticed a cyclops
 13500 | D:12     | Killed a cyclops
 13779 | D:12     | Noticed a manticore
 13796 | D:12     | Killed a manticore
 13797 | D:12     | Reached XP level 12. HP: 89/89 MP: 12/12
 13978 | D:12     | Found a portal to a secret trove of treasure.
 13999 | D:13     | Noticed a centaur warrior
 14436 | Lair:1   | Entered Level 1 of the Lair of Beasts
 14475 | Lair:1   | Noticed a four-headed hydra
 14488 | Lair:1   | Killed a four-headed hydra
 14830 | Lair:1   | Reached skill level 11 in Polearms
 17256 | Lair:3   | Reached skill level 12 in Polearms
 17289 | Lair:2   | Reached XP level 13. HP: 69/97 MP: 13/13
 17663 | Lair:3   | Noticed a five-headed hydra
 17691 | Lair:3   | Killed a five-headed hydra
 18500 | Lair:3   | Found a staircase to the Shoals.
 18912 | Lair:3   | Noticed a seven-headed hydra
 18925 | Lair:3   | Killed a seven-headed hydra
 19644 | Lair:4   | Reached skill level 13 in Polearms
 19835 | Lair:4   | Noticed a seven-headed hydra
 19845 | Lair:4   | Killed a seven-headed hydra
 19940 | Lair:4   | Noticed Dune's ghost (journeyman MiBe)
 19952 | Lair:4   | Found a bloodstained altar of Trog.
 19956 | Lair:4   | Found a transporter.
 19959 | Lair:4   | Found a transporter.
 20035 | Lair:4   | Found a staircase to the Snake Pit.
 20550 | Lair:5   | Reached XP level 14. HP: 81/106 MP: 14/14
 22443 | Lair:4   | Reached skill level 14 in Polearms
 22449 | Lair:4   | Reached skill level 1 in Invocations
 23130 | Lair:5   | Identified the +1 crystal plate armour of the First Mystics
                  | {rElec rF+ MP-9 Int+2}
 23510 | Lair:6   | Entered Level 6 of the Lair of Beasts
 23551 | Lair:6   | Reached skill level 5 in Invocations
 24973 | Lair:6   | Reached XP level 15. HP: 104/113 MP: 21/21
 25782 | Lair:6   | Reached skill level 15 in Polearms
 25975 | Lair:6   | Found a large runed translucent door.
 25975 | Lair:6   | Found a large runed translucent door.
 26247 | Lair:6   | Found a viscous altar of Jiyva.
 26247 | Lair:6   | Found a staircase to the Slime Pits.
 26399 | Lair:6   | Identified the +3 scimitar "Deittutt" {elec, rElec rF+ rN+}
 26817 | D:9      | Identified the +1 robe "Kaejesum" {Slay+3}
 26982 | Orc:1    | Entered Level 1 of the Orcish Mines
 28000 | Orc:2    | Entered Level 2 of the Orcish Mines
 28012 | Orc:2    | Reached skill level 16 in Polearms
 28074 | Orc:2    | Found a staircase to the Elven Halls.
 28816 | Orc:2    | Noticed an orc warlord
 28827 | Orc:2    | Killed an orc warlord
 29438 | Orc:2    | Noticed an orc warlord
 29455 | Orc:2    | Killed an orc warlord
 29556 | Orc:2    | Found Jecen's Armour Boutique.
 29556 | Orc:2    | Found Niuffor's Jewellery Boutique.
 29557 | Orc:2    | Found Dih Weamo's Weapon Shop.
 29561 | Orc:2    | Found Athraaf's Armour Shop.
 29722 | Orc:2    | Identified the +1 plate armour of Chimes {rElec Str+3 Int-2
                  | Stlth+}
 29823 | Orc:2    | Got the Volume of the Compass
 29826 | Orc:2    | Got the Handbook of the Hippo
 30353 | D:10     | Killed CryoSword's ghost
 30387 | D:10     | Killed H0rd4k's ghost
 31049 | D:13     | Reached XP level 16. HP: 120/120 MP: 22/22
 31463 | D:13     | Found a gate to the Vaults.
 31473 | D:13     | Noticed Rupert
 31482 | D:13     | Killed Rupert
 31664 | D:13     | Found a shimmering blue altar of Sif Muna.
 32273 | D:14     | Reached skill level 15 in Fighting
 32273 | D:14     | Reached skill level 15 in Dodging
 32637 | D:14     | Found a hide-covered altar of Uskayaw.
 33022 | D:14     | Reached ****** piety under Hepliaklqana
 33216 | D:15     | Entered Level 15 of the Dungeon
 33222 | D:15     | Reached skill level 17 in Polearms
 33238 | D:15     | Reached skill level 1 in Axes
 34066 | D:15     | Reached skill level 5 in Axes
 35551 | D:15     | Found a staircase to the Depths.
 35928 | Shoals:1 | Entered Level 1 of the Shoals
 35981 | Shoals:1 | Noticed Aizul
 35987 | Shoals:1 | Found Nanleame's Jewellery Emporium.
 36052 | Shoals:1 | HP: 6/122 [fire crab] (22)]
 36464 | Shoals:1 | HP: 5/122 [poisoned by Aizul (bolt of poison)]
 36464 | Shoals:1 | Killed from afar by Aizul

Illustrated notes

Levels and vault maps discovered:
D:1:      dpeg_arrival_caged_fury, layout_basic,
          chequers_ecumenical_altar_simple_redux
D:2:      layout_basic, basic_altar, uniq_jessica
D:3:      layout_loops_ring, grunt_dithmenos_smoke, uniq_grinder
D:4:      layout_basic, pf_just_have_faith, uniq_robin
D:5:      layout_rooms, vehumet_crystals, nicolae_overflow_crystal_walls,
          nicolae_hepliaklqana_hazy_memory, nicolae_ru_great_annihilating_truth,
          minmay_temple_entry_nine_rooms
D:6:      layout_basic, mainiacjoe_overflow_surrounded_room,
          makhleb_heckhound_becter
D:7:      layout_basic, mainiacjoe_overflow_brackets, fedhas_altar_1,
          mainiacjoe_overflow_small_starburst, enter_bailey_4
D:8:      layout_layer_cave, nicolae_water_bricks, uniq_psyche, uniq_maurice
D:9:      kennysheep_spiral_hall, layout_irregular_city, lair_entry_dummy,
          orc_0_dummy
D:10:     layout_cave_pools, gammafunk_ghost_cemetery, serial_park,
          serial_park_square1 [serial_park_minivault_5x5_4], serial_park_tiny_2,
          serial_park_avenue1, serial_park_tiny_pond, serial_park_tiny_2
D:11:     layout_basic, fungi_pond_lemuel, lemuel_flamethrower_hall
D:12:     layout_basic, enter_trove_3
D:13:     layout_cave_pools, erik_vaults_1, lemuel_blue_sif_altar, uniq_rupert
D:14:     layout_cave_pods, nicolae_uskayaw_dance_hall, kennysheep_just_a_vault
D:15:     gammafunk_enter_depths_forms, layout_basic, chequers_big_river
Lair:1:   layout_gridlike, nicolae_volcano_entry_hallway, lemuel_fruit_fields
Lair:2:   layout_small_grid
Lair:3:   layout_regular_city, minmay_shoals_entry_centaurs, serial_forest,
          infiniplex_forest_zigzag_1, infiniplex_forest_end_2,
          infiniplex_forest_end_2, infiniplex_forest_lined_2,
          infiniplex_forest_straight_2
Lair:4:   layout_roguey, guppyfry_snake_entry_garden,
          gammafunk_ghost_wrathful_warriors, st_stairs_13,
          nicolae_lair_run_with_the_wolves, serial_bayou_shore_a
Lair:5:   onia_ninara_swampy_vault, layout_cave_shapes
Lair:6:   cheibrodos_lair_end_hotspot, layout_regular_city,
          dpeg_slime_entry_enclosed_altar, serial_bayou_crossing
Shoals:1: layout_shoals, serial_shops, shop_fountains, hangedman_shoal_volcano,
          uniq_aizul
Orc:1:    layout_diamond_mine
Orc:2:    st_orc_mages, layout_caves, special_room, minmay_orc_treasury

Skill      XL: |  1  2  3  4  5  6  7  8  9 10 11 12 13 14 15 16 |
---------------+-------------------------------------------------+-----
Fighting       | 4 5 6 7 9 10 12 13 14 15 | 15.1
Polearms       | 4 5 6 7 9 10 12 13 14 16 17 | 17.0
Dodging        | 4 5 6 7 9 10 12 13 14 15 | 15.1
Armour         | 3 |  3.0
Throwing       | 1 3 |  3.0
Stealth        | 3 |  3.0
Invocations    | 8 |  8.0
Axes           | 8 |  8.3

Action                   |  1- 3 |  4- 6 |  7- 9 | 10-12 | 13-15 | 16-18 || total
-------------------------+-------+-------+-------+-------+-------+-------++-------
Melee: Spear             |    33 |       |       |    18 |    77 |       ||   128
       Halberd           |    71 |   119 |   257 |   425 |   818 |       ||  1690
       Punch             |       |       |       |     1 |     2 |       ||     3
       Glaive            |       |       |       |       |   243 |    67 ||   310
       Executioner's axe |       |       |       |       |       |   180 ||   180
Throw: Dart              |       |       |    25 |    80 |    81 |    15 ||   201
       Throwing net      |       |       |       |       |     4 |       ||     4
       Javelin           |       |       |       |       |       |    27 ||    27
Invok: Ancestor Life: Kn |       |       |     1 |       |       |       ||     1
       Ancestor Identity |       |       |     1 |       |       |       ||     1
       Recall Ancestor   |       |       |       |     3 |     7 |     2 ||    12
       Transference      |       |       |       |     1 |     6 |     3 ||    10
       Idealise          |       |       |       |     1 |     1 |     1 ||     3
Evoke: Wand              |       |       |     2 |     5 |    45 |     4 ||    56
  Use: Scroll            |     3 |     2 |     4 |     7 |    14 |     2 ||    32
       Potion            |       |     4 |     1 |       |    10 |     9 ||    24
 Stab: Sleeping          |     3 |       |       |     1 |     1 |     2 ||     7
       Distracted        |       |       |     2 |     4 |    16 |     1 ||    23
       Invisible         |       |       |     1 |       |       |     2 ||     3
       Paralysed         |       |       |     1 |       |       |       ||     1
       Confused          |       |       |       |       |     1 |       ||     1
       Held in net/web   |       |       |       |       |     3 |       ||     3
Armor: Scale mail        |    36 |    56 |   140 |   182 |   223 |       ||   637
       Robe              |     1 |       |       |       |       |       ||     1
       Skin              |       |     1 |     7 |       |       |       ||     8
       Swamp dragon scal |       |       |       |       |    90 |       ||    90
       Ring mail         |       |       |       |       |    52 |    75 ||   127
Dodge: Dodged            |    59 |    59 |   143 |   385 |   958 |   238 ||  1842
Block: Other             |       |       |       |       |       |    13 ||    13
       Reflection        |       |       |       |       |       |     2 ||     2
